 Dungeon Crawl Stone Soup version 0.24.0-123-gd5b16e6ec5 (webtiles) character file.

Game seed: 17710198751987346057, levelgen mode: deterministic

6002 Bluestream the Cleaver (level 10, 0/92 HPs)
             Began as a Deep Dwarf Fighter on Feb 4, 2020.
             Was a Priest of Makhleb.
             Slain by a thrashing horror (3 damage)
             ... on level 1 of the Abyss.
             The game lasted 00:18:50 (5791 turns).

Bluestream the Cleaver (Deep Dwarf Fighter)         Turns: 5791, Time: 00:18:50

Health: 0/92       AC: 17    Str: 26    XL:     10   Next: 55%
Magic:  4/4        EV:  8    Int:  8    God:    Makhleb [***...]
Gold:   379        SH: 11    Dex:  8    Spells: 9/9 levels left

rFire    + . .     SeeInvis .   a - +1 war axe
rCold    + . .     Gourm    +   c - +0 shield
rNeg     . . .     Faith    .   J - +1 plate armour {rF+}
rPois    .         Spirit   .   v - +0 helmet
rElec    .         Reflect  .   (no cloak)
rCorr    .         Harm     .   (no gloves)
MR       ++...     Rnd*Tele +   e - +0 pair of boots
Stlth    ..........             o - amulet of the gourmand
HPRegen  0.00/turn              I - ring "Rideh" {rC+ Str+2 Slay+5 Stlth+}
MPRegen  0.09/turn              h - ring of protection from magic

@: non-regenerating
A: damage resistance, heal wounds, [blurry vision 2], [clumsy 2], [low mp 2],
sense surroundings 2, [teleportitis 2], no regeneration
a: Heal Wounds, Minor Destruction, Lesser Servant of Makhleb, Renounce Religion


You were on level 1 of the Abyss.
You worshipped Makhleb.
Makhleb was most pleased with you.
You were hungry.

You visited 2 branches of the dungeon, and saw 9 of its levels.
You visited the Abyss 1 time.
You also visited: Ossuary.

You collected 379 gold pieces.

Inventory:

Hand Weapons
 a - a +1 war axe (weapon)
Armour
 c - a +0 shield (worn)
 e - a +0 pair of boots (worn)
 v - a +0 helmet (worn)
 J - a +1 plate armour of fire resistance (worn)
Jewellery
 h - a ring of protection from magic (right hand)
 o - an amulet of the gourmand (around neck)
 I - the ring "Rideh" (left hand) {rC+ Str+2 Slay+5 Stlth+}
   (You found it on level 7 of the Dungeon)

   [ring of stealth]

   It affects your strength (+2).
   It affects your accuracy and damage with ranged weapons and melee attacks
   (+5).
   It protects you from cold.
   It makes you more stealthy.
Wands
 p - a wand of paralysis (2)
 y - a wand of flame (26)
Scrolls
 i - 5 scrolls of fear
 j - 2 scrolls of amnesia
 l - 4 scrolls of remove curse
 m - 5 scrolls of teleportation
 n - a scroll of random uselessness {unknown}
 q - 2 scrolls of identify
 r - 3 scrolls of immolation
 u - 2 scrolls of magic mapping
 A - a scroll of blinking {unknown}
 C - a scroll of acquirement {unknown}
 F - a scroll of enchant weapon
Potions
 b - a potion of heal wounds
 d - 2 potions of might
 g - 4 potions of ambrosia
 k - a potion of curing
 s - a potion of brilliance
 t - a potion of magic
 w - 3 potions of degeneration
 x - a potion of berserk rage
 z - 4 potions of lignification
 B - 2 potions of mutation {unknown}
 D - 2 potions of agility
 E - 4 potions of flight
 H - a potion of resistance
Comestibles
 f - 17 rations


   Skills:
 + Level 6.8 Fighting
 * Level 9.7 Axes
 + Level 8.1 Armour
 + Level 7.2 Dodging
 + Level 8.1 Shields


You had 9 spell levels left.
You didn't know any spells.
Your spell library contained the following spells:

 Spells                   Type           Power        Failure   Level  Hunger
 Corona                   Hex            #......      100%        1    ##.....
 Ensorcelled Hibernation  Hex/Ice        #.....       100%        2    ###....
 Confuse                  Hex            #.......     100%        3    ####...
 Dazzling Spray           Conj/Hex       #.....       100%        3    ####...
 Tukima's Dance           Hex            #.......     100%        3    ####...


Dungeon Overview and Level Annotations

Branches:
Dungeon (8/15)             Temple (1/1) D:4         Ossuary (visited)
   Lair: D:8-11

Altars:
Ashenzari
Cheibriados
Dithmenos
Elyvilon
Fedhas
Gozag
Hepliaklqana
Kikubaaqudgha
Makhleb
Nemelex Xobeh
Okawaru
Qazlal
Ru
Sif Muna
Trog
Uskayaw
Vehumet
Wu Jian
Xom
Yredelemnul
Zin
The Shining One

Shops:
D:5 *[([


Innate Abilities, Weirdness & Mutations

You are resistant to damage.
You can heal yourself by infusing magical energy.
You passively map the area around you.
You do not regenerate.
[Scrolls take you longer to read.]
[You are very clumsy. (Dex -4)]
[Your magical capacity is very low. (-20% MP)]
[You are sometimes teleported next to monsters.]


Message History

The thrashing horror roars!
You feel your health improve. The thrashing horror barely misses you.
The thrashing horror tramples you.
* * * LOW HITPOINT WARNING * * *
You stumble backwards!
The wretched star pulses with an eldritch light!
You feel less energetic. x2
You block the thrashing horror's attack.
The thrashing horror tramples you.
You hold your ground!
The wretched star pulses with an eldritch light!
You feel weirdly uncertain.
You feel even more weirdly uncertain.
Your vision blurs. x2
The thrashing horror roars!
You block the thrashing horror's attack.
The thrashing horror tramples you.
* * * LOW HITPOINT WARNING * * *
You hold your ground!
The thrashing horror roars!
The thrashing horror tramples you.
You die...

# . §.....## ...
.#*###...#. ...#
.......# #. # #D .
#...... ... ..##
..# #.#....# .##.
.... ##..# . #
.....# ..# ....##
*... # . #.##...#
# .. .## # #.@###
##.D#### . ##X..#
#....#
..##...D###.##.#
.....#.#.#.#...#
...#...#..#.*...#
.##.......#§.#...#
..######*.#..# . .
### #.....###.. .
##.#.## ..


You could see a bone dragon, a wretched star and a thrashing horror.

Vanquished Creatures
  A tentacled starspawn (Abyss:1)
  Pikel (D:4)
  An ancient zyme (Abyss:1)
  Grinder (D:5)
  A hippogriff (D:7)
  A wyvern (D:7)
  A hungry ghost (D:7)
  Menkaure (D:4)
  Duvessa (D:6)
  A black bear (D:6)
  A slave (D:4)
  3 orc warriors
  2 phantoms
  An ogre (D:7)
  2 centaurs
  4 elf zombies (Ossuary)
  A small abomination (Abyss:1)
  A bullfrog (D:6)
  A gnoll sergeant (D:3)
  Dowan (D:6)
  A scorpion (D:6)
  3 crimson imps
  6 human zombies (Ossuary)
  A quasit (D:4)
  A centaur skeleton (D:3)
  6 hounds
  A jelly (D:6)
  5 centaur zombies
  2 orc priests (D:7)
  6 orc wizards
  Jessica (D:2)
  A bullfrog skeleton (D:4)
  2 iguanas
  3 worker ants
  A hound skeleton (D:4)
  4 mummies
  Robin (D:2)
  8 gnolls
  10 adders
  A howler monkey skeleton (D:4)
  A shadow imp (D:5)
  2 oozes
  An adder skeleton (D:6)
  2 adder zombies (D:6)
  3 worms
  2 dart slugs
  7 leopard geckos
  32 orcs
  5 bats (D:1)
  4 giant cockroaches
  19 goblins
  5 hobgoblins
  17 jackals
  9 kobolds
  A quokka (D:6)
  2 ball pythons
  7 frilled lizards
  A jackal skeleton (D:5)
  A leopard gecko zombie (D:7)
  A quokka zombie (D:7)
  6 rats
  A starspawn tentacle (Abyss:1)
220 creatures vanquished.

Vanquished Creatures (others)
  A worm (D:4)
  An orc (D:4)
  A jackal (D:4)
  A leopard gecko skeleton (D:4)
  A quokka skeleton (D:4)
  A butterfly (D:4)
  3 starspawn tentacles (Abyss:1)
9 creatures vanquished.

Grand Total: 229 creatures vanquished

Notes
Turn   | Place    | Note
-------+----------+-------------------------------------------
     0 | D:1      | Bluestream the Deep Dwarf Fighter began the quest for the
                  | Orb.
     0 | D:1      | Reached XP level 1. HP: 20/20 MP: 1/1
   124 | D:1      | Reached XP level 2. HP: 17/27 MP: 2/2
   318 | D:1      | Reached skill level 1 in Dodging
   401 | D:1      | Reached XP level 3. HP: 18/34 MP: 3/3
   876 | D:2      | Noticed Jessica
   883 | D:2      | Killed Jessica
   883 | D:2      | Reached XP level 4. HP: 38/42 MP: 4/4
   961 | D:2      | Reached skill level 3 in Axes
  1070 | D:2      | Noticed Robin
  1092 | D:2      | Killed Robin
  1278 | D:2      | Reached XP level 5. HP: 32/49 MP: 5/5
  1482 | D:3      | Found a snail-covered altar of Cheibriados.
  1537 | D:3      | Noticed a centaur
  1553 | D:3      | Killed a centaur
  1701 | D:3      | Reached XP level 6. HP: 42/57 MP: 6/6
  2231 | D:4      | Noticed a slave
  2233 | D:4      | Noticed Pikel
  2234 | D:4      | Noticed a slave
  2235 | D:4      | Noticed a slave
  2235 | D:4      | Noticed a slave
  2257 | D:4      | Killed a slave
  2271 | D:4      | Killed Pikel
  2271 | D:4      | Reached skill level 4 in Axes
  2271 | D:4      | Reached skill level 5 in Armour
  2271 | D:4      | Reached skill level 5 in Shields
  2271 | D:4      | Reached XP level 7. HP: 32/66 MP: 5/5
  2477 | D:4      | Noticed Menkaure
  2490 | D:4      | Killed Menkaure
  2490 | D:4      | Reached skill level 5 in Axes
  2490 | D:4      | Reached XP level 8. HP: 23/73 MP: 6/6
  2585 | D:4      | Found a staircase to the Ecumenical Temple.
  2602 | Temple   | Entered the Ecumenical Temple
  2708 | Temple   | Became a worshipper of Makhleb the Destroyer
  3115 | D:5      | Entered Level 5 of the Dungeon
  3116 | D:5      | Found Quuxzu Keudu's General Store.
  3118 | D:5      | Found Ugud's Antique Armour Shoppe.
  3122 | D:5      | Noticed Grinder
  3124 | D:5      | Found Amnun's Antique Weapon Shoppe.
  3148 | D:5      | Found Noew's Antique Armour Shoppe.
  3155 | D:5      | Killed Grinder
  3155 | D:5      | Reached skill level 5 in Fighting
  3155 | D:5      | Reached skill level 6 in Axes
  3247 | D:5      | Reached skill level 5 in Dodging
  3293 | D:5      | Reached * piety under Makhleb
  4042 | D:6      | Noticed Duvessa
  4042 | D:6      | Noticed Dowan
  4063 | D:6      | Killed Duvessa
  4063 | D:6      | Gained mutation: You passively map the area around you.
                  | [Deep Dwarf growth]
  4063 | D:6      | Reached XP level 9. HP: 75/81 MP: 7/7
  4072 | D:6      | Killed Dowan
  4104 | D:6      | Found a bloodstained altar of Trog.
  4126 | D:6      | Reached skill level 7 in Axes
  4201 | D:6      | Reached ** piety under Makhleb
  4855 | D:7      | Found a sand-covered staircase.
  4865 | Ossuary  | Entered an ossuary
  4885 | Ossuary  | Reached skill level 8 in Axes
  5143 | D:7      | Got a slimy lead ring
  5145 | D:7      | Identified the ring "Rideh" {rC+ Str+2 Slay+5 Stlth+} (You
                  | found it on level 7 of the Dungeon)
  5270 | D:7      | Reached XP level 10. HP: 91/91 MP: 7/7
  5321 | D:7      | Found a snail-covered altar of Cheibriados.
  5531 | D:8      | Reached *** piety under Makhleb
  5610 | D:8      | Cast into level 1 of the Abyss (gnoll)
  5708 | Abyss:1  | Noticed a large abomination
  5712 | Abyss:1  | Noticed a tentacled starspawn
  5731 | Abyss:1  | Noticed a bone dragon
  5769 | Abyss:1  | Noticed a wretched star
  5776 | Abyss:1  | Noticed a tentacled starspawn
  5783 | Abyss:1  | HP: 3/92 [bone dragon (2)]
  5784 | Abyss:1  | Killed a tentacled starspawn
  5784 | Abyss:1  | Reached skill level 9 in Axes
  5786 | Abyss:1  | Noticed a thrashing horror
  5790 | Abyss:1  | HP: 3/92 [thrashing horror (4)]
  5791 | Abyss:1  | Slain by a thrashing horror

Levels and vault maps discovered:
D:1:      dpeg_arrival_windows_large_door, layout_loops_ring
D:2:      layout_basic, uniq_robin, uniq_jessica
D:3:      layout_loops_ring, kennysheep_slug_shrine
D:4:      layout_basic, minmay_temple_entry_butterflies, first_ration,
          kennysheep_small_square, uniq_pikel, uniq_menkaure
D:5:      layout_basic, chequers_serial_rivers_micro_c, columned_hall_lemuel,
          grunt_decor_cap, minmay_shop_grid_forest, grunt_ministairs_14,
          uniq_grinder
D:6:      layout_basic, bloody_trog, minmay_checkerbox, uniq_duvessa
D:7:      layout_cave_pools, gup_ossuary_entry_pyramid, basic_altar,
          kennysheep_generic_room_13
D:8:      layout_loops_ring
Temple:   kilobyte_greek_temple
Abyss:1:  base:
D:8

Skill      XL: |  1  2  3  4  5  6  7  8  9 10 |
---------------+-------------------------------+-----
Dodging        | 1 2 4 5 6 7 |  7.2
Fighting       | 3 4 5 6 |  6.8
Axes           | 3 4 5 6 8 9 |  9.7
Armour         | 4 5 6 7 8 |  8.1
Shields        | 4 5 6 7 8 |  8.1

Action                   |  1- 3 |  4- 6 |  7- 9 | 10-12 || total
-------------------------+-------+-------+-------+-------++-------
Melee: War axe           |   102 |   205 |   583 |    30 ||   920
 Abil: Heal Wounds       |     1 |     6 |    10 |     1 ||    18
  Use: Scroll            |       |       |       |    19 ||    19
  Eat: Chunk             |       |     5 |    12 |     2 ||    19
       Ration            |       |       |     1 |       ||     1
Armor: Scale mail        |    49 |    74 |   125 |       ||   248
       Plate armour      |       |       |   120 |    14 ||   134
Dodge: Dodged            |    37 |    94 |   211 |    16 ||   358
Block: Shield            |    54 |   121 |   317 |    24 ||   516
